 Dungeon Crawl Stone Soup version 0.30-a0-721-ga6a225cb13 (webtiles) character file.

Game seed: 1208769332804579449

631834 kae the Demonic Aeon (level 26, -16/209 HPs)
             Began as a Demonspawn Transmuter on Jan 27, 2023.
             Was the Champion of Cheibriados.
             Killed from afar by a hellion (26 damage)
             ... with damnation
             ... on level 1 of the Iron City of Dis.
             The game lasted 01:24:18 (56432 turns).

kae the Demonic Aeon (Demonspawn Transmuter)       Turns: 56432, Time: 01:24:18

Health: -16/209    AC: 20    Str: 33    XL:     26   Next: 81%
Magic:  0/53       EV: 50    Int: 42    God:    Cheibriados [******]
Gold:   11321      SH:  4    Dex: 29    Spells: 27/60 levels left

rFire   + . .      SeeInvis .      - Unarmed
rCold   . . .      Faith    .    (shield currently unavailable)
rNeg    . . .      Spirit   +    (body armour currently unavailable)
rPois   ∞          Reflect  .    (helmet currently unavailable)
rElec   +          Harm     .    (cloak unavailable)
rCorr   +          Rampage  .    (gloves currently unavailable)
Will    +++..                    (boots currently unavailable)
Stlth   ++                       M - amulet "Zerhel" {Spirit rF+ Will+ Int+5}
HPRegen 0.54/turn                e - +5 ring of evasion
MPRegen 0.33/turn                m - ring "Vekhlut" {Will+ rCorr MP+9 Int+3}

@: storm-form, flying, studying Staves, repel missiles, unable to read,
corroded, very slow
A: cleaving, insubstantial, flying, repulsion field 3, icemail 2, powered by
death 3, condensation shield, corrupting presence 2, (weakness stinger 3),
inability to read after injury 1
}: 4/15 runes: barnacled, silver, golden, gossamer
a: Blinkbolt, End Transformation, Renounce Religion, Bend Time, Temporal
Distortion, Slouch, Step From Time


You were on level 1 of the Iron City of Dis.
You worshipped Cheibriados.
Cheibriados was exalted by your worship.
You were a lightning-filled tempest!
You visited 13 branches of the dungeon, and saw 51 of its levels.
You visited the Abyss 1 time.
You visited 1 bazaar.
You also visited: Ossuary and Ice Cave.

You collected 11521 gold pieces.
You spent 200 gold pieces at shops.


Innate Abilities, Weirdness & Mutations

You are a lightning-filled tempest!
Your electrical attacks strike out in all directions at once.
You are incredibly evasive.
Your insubstantial body is immune to petrification, constriction, and being set on fire You are flying.
You are immune to poison.
Your armour is entirely melded.
You are incapable of wielding weapons or throwing items.
You are surrounded by a strong repulsion field. (EV +4, RMsl)
A meltable icy envelope protects you from harm. (AC +8)
You regenerate a lot of health from kills.
A meltable shield of frost defends you. (SH +4)
Your presence sometimes corrodes or deforms those you injure.
((You have a sharp stinger which inflicts weakening toxins.))
You occasionally lose the ability to read scrolls when taking damage.


   Skills:
 + Level 17.4 Fighting
 + Level 16.4 Dodging
 * Level 21.4 Unarmed Combat
 - Level 17.5 Spellcasting
 - Level 5.0 Translocations
 - Level 20.1 Transmutations
 - Level 7.0 Ice Magic
 - Level 12.8 Air Magic
 - Level 2.0 Poison Magic
 - Level 22.7 Invocations


You had 27 spell levels left.
You knew the following spells:

 Your Spells              Type           Power      Damage    Failure   Level
a - Storm Form            Tmut/Air       54%        N/A       1%          7
b - Wereblood             Tmut           100%       N/A       0%          2
c - Statue Form           Tmut/Erth      58%        N/A       1%          6
d - Manifold Assault      Tloc           68%        N/A       1%          4
e - Olgreb's Toxic Radia  Pois           52%        N/A       3%          4
f - Beastly Appendage     Tmut           100%       N/A       0%          1
g - Blink                 Tloc           100%       N/A       1%          2
h - Spider Form           Tmut/Pois      92%        N/A       1%          3
i - Ice Form              Ice/Tmut       100%       N/A       1%          4

Your spell library contained the following spells:

 Spells                   Type           Power      Damage    Failure   Level
 Sting                    Tmut/Pois      100%       1d8       0%          1
 Swiftness                Air            98%        N/A       0%          3
 Apportation              Tloc           100%       N/A       1%          1
 Kiss of Death            Conj/Necr      100%       2d13      1%          1
 Magic Dart               Conj           100%       1d8       1%          1
 Necrotise                Necr           100%       1d9       1%          1
 Shock                    Conj/Air       100%       1d9       1%          1
 Summon Small Mammal      Summ           100%       N/A       1%          1
 Call Imp                 Summ           36%        N/A       1%          2
 Cigotuvi's Dreadful Rot  Necr/Pois/Air  100%       N/A       1%          2
 Ensorcelled Hibernation  Hex/Ice        100%       N/A       1%          2
 Lesser Beckoning         Tloc           100%       N/A       1%          2
 Poisonous Vapours        Pois/Air       100%       N/A       1%          2
 Scorch                   Fire           72%        2d9       1%          2
 Static Discharge         Conj/Air       100%       2-7/arc   1%          2
 Sublimation of Blood     Necr           36%        N/A       1%          2
 Frozen Ramparts          Ice            100%       1d16      1%          3
 Gell's Gravitas          Tloc           68%        N/A       1%          3
 Hailstorm                Conj/Ice       60%        3d13      1%          3
 Ignite Poison            Fire/Tmut/Pois 78%        N/A       1%          3
 Kindle Blastsparks       Fire/Tloc/Air  100%       2d18      1%          3
 Mephitic Cloud           Conj/Pois/Air  67%        N/A       1%          3
 Teleport Other           Tloc           68%        N/A       1%          3
 Vhi's Electric Charge    Tloc/Air       100%       N/A       1%          3
 Airstrike                Air            49%        2d(7-23)  1%          4
 Passage of Golubria      Tloc           68%        N/A       1%          4
 Petrify                  Tmut/Erth      88%        N/A       1%          4
 Summon Ice Beast         Ice/Summ       60%        N/A       1%          4
 Arcjolt                  Conj/Air       37%        1d47      1%          5
 Freezing Cloud           Conj/Ice/Air   37%        6-21      1%          5
 Irradiate                Conj/Tmut      44%        3d26      1%          5
 Lightning Bolt           Conj/Air       37%        1d55      1%          5
 Silence                  Hex/Air        37%        N/A       1%          5
 Yara's Violent Unravell  Hex/Tmut       44%        3d17      1%          5
 Call Canine Familiar     Summ           36%        N/A       2%          3
 Confusing Touch          Hex            36%        N/A       2%          3
 Dazzling Flash           Conj/Hex       72%        N/A       2%          3
 Inner Flame              Hex/Fire       36%        N/A       2%          3
 Summon Guardian Golem    Hex/Summ       36%        N/A       2%          3
 Tukima's Dance           Hex            36%        N/A       2%          3
 Vampiric Draining        Necr           36%        2d8       2%          3
 Iskenderun's Mystic Bla  Conj/Tloc      55%        2d12      2%          4
 Metabolic Englaciation   Hex/Ice        30%        N/A       4%          5
 Anguish                  Hex/Necr       18%        N/A       7%          4
 Cause Fear               Hex            18%        N/A       7%          4
 Dispel Undead            Necr           36%        3d15      7%          4
 Flame Wave               Conj/Fire      36%        2d10      7%          4
 Fulminant Prism          Conj/Hex       18%        3d10      7%          4
 Leda's Liquefaction      Hex/Erth       18%        N/A       7%          4
 Sticky Flame             Conj/Fire      36%        2d6       7%          4
 Summon Forest            Summ/Tloc      27%        N/A       7%          5
 Conjure Ball Lightning   Conj/Air       37%        3x3d12    8%          6
 Dispersal                Tloc           34%        N/A       14%         6
 Agony                    Necr           36%        N/A       21%         5
 Lee's Rapid Deconstruct  Erth           18%        3d11*     21%         5
 Summon Mana Viper        Hex/Summ       36%        N/A       21%         5
 Simulacrum               Ice/Necr       30%        N/A       26%         6
 Death Channel            Necr           18%        N/A       73%         6
 Summon Cactus Giant      Summ           18%        N/A       73%         6
 Enfeeble                 Hex            18%        N/A       99%         7
 Haunt                    Necr/Summ      18%        N/A       99%         7
 Disjunction              Tloc           34%        N/A       99%         8
 Discord                  Hex            18%        N/A       100%        8
 Ignition                 Fire           18%        3d7       100%        8
 Infestation              Necr           18%        N/A       100%        8
 Lehudib's Crystal Spear  Conj/Erth      18%        10d5      100%        8
 Summon Horrible Things   Summ           18%        N/A       100%        8
 Chain Lightning          Conj/Air       37%        3d49      100%        9
 Fire Storm               Conj/Fire      18%        8d5       100%        9
 Polar Vortex             Ice            38%        N/A       100%        9
 Shatter                  Erth           18%        3d17*     100%        9

Inventory:

Hand Weapons
 T - the +8 dire flail of the Modern Gods {freeze, Str+4 Int+3 SInv}
   (You found it on level 3 of the Elven Halls)

   Str:       It affects your strength (+4).
   Int:       It affects your intelligence (+3).
   SInv:      It lets you see invisible.
Armour
 i - a +1 hat of intelligence (melded)
   (You found it on level 4 of the Spider Nest)
 B - +0 steam dragon scales (melded)
   (You found it on level 6 of the Dungeon)
 Y - a +2 pair of boots of flying (melded)
   (You found it on level 3 of the Elven Halls)
Magical Staves
 w - a staff of air {!a}
   (You acquired it on level 1 of the Shoals)
Jewellery
 e - a +5 ring of evasion (left fist)
   (You found it on level 4 of the Shoals)
 m - the ring "Vekhlut" (right fist) {Will+ rCorr MP+9 Int+3}
   (You found it on level 3 of the Elven Halls)

   [ring of resist corrosion]

   Int:       It affects your intelligence (+3).
   MP:        It affects your magic capacity (+9).
   rCorr:     It protects you from acid and corrosion.
   Will:      It increases your willpower.
 v - a ring of see invisible
   (You took it off a deep elf pyromancer on level 3 of the Elven Halls)
 F - the ring "Loippugi" {rPois Int+6 Stlth+}
   (You took it off a fire giant on level 5 of the Vaults)

   [ring of intelligence]

   Int:       It affects your intelligence (+6).
   rPois:     It protects you from poison.
   Stlth:     It makes you more stealthy.
 M - the amulet "Zerhel" (around neck) {Spirit rF+ Will+ Int+5}
   (You took it off a centaur warrior on level 13 of the Dungeon)

   [amulet of guardian spirit]

   It causes incoming damage to be divided between your reserves of health and
   magic.
   Int:       It affects your intelligence (+5).
   rF:        It protects you from fire.
   Will:      It increases your willpower.
 N - the ring of Compulsion {*Slow rF+ rN++ Str-3 Int+6}
   (You found it on level 3 of the Tomb of the Ancients)

   [ring of intelligence]

   Str:       It affects your strength (-3).
   Int:       It affects your intelligence (+6).
   rF:        It protects you from fire.
   rN:        It greatly protects you from negative energy.
   *Slow:     It may slow you when you take damage.
Wands
 c - a wand of digging (8)
   (You found it on level 14 of the Dungeon)
 j - a wand of iceblast (23)
   (You found it on level 10 of the Dungeon)
 n - a wand of charming (48)
   (You found it on level 4 of the Dungeon)
 J - a wand of acid (7)
   (You found it on level 8 of the Dungeon)
 P - a wand of flame (63)
   (You found it on level 9 of the Dungeon)
 R - a wand of polymorph (18)
   (You found it on level 1 of the Lair of Beasts)
 W - a wand of mindburst (32)
   (You found it on level 3 of the Lair of Beasts)
Scrolls
 a - 14 scrolls of immolation {!r!r}
 f - 11 scrolls of blinking {!r}
 h - 6 scrolls of magic mapping {!r}
 o - 14 scrolls of poison {!r}
 q - 10 scrolls of vulnerability {!r!r}
 r - 11 scrolls of enchant weapon
 x - 34 scrolls of teleportation {@r4}
 y - 6 scrolls of brand weapon
 z - 7 scrolls of fog
 K - 2 scrolls of butterflies
 S - 6 scrolls of fear
 X - 9 scrolls of enchant armour
Potions
 b - 12 potions of lignification {!q}
 d - 15 potions of attraction {!q}
 g - 2 potions of haste {@q3}
 k - 30 potions of curing {@q1}
 l - 8 potions of mutation {!q}
 p - 3 potions of brilliance
 s - 8 potions of cancellation
 t - 6 potions of invisibility
 u - 2 potions of magic
 A - 3 potions of resistance
 C - 8 potions of ambrosia
 D - 5 potions of might
 G - 7 potions of berserk rage {!q}
 I - 6 potions of haste {forbidden@q3}
 O - 13 potions of flight
 Q - 3 potions of heal wounds {@q2}
Miscellaneous
 E - the horn of Geryon
   (You took it off Geryon in the Vestibule of Hell)
 H - a piece from Xom's chessboard (15/15) {forbidden}
   (You found it on level 4 of the Shoals)
 L - a figurine of a ziggurat
 U - a phantom mirror
   (You found it on level 2 of the Lair of Beasts)
 V - a tin of tremorstones (2/2)
   (You found it on level 2 of the Spider Nest)
 Z - a condenser vane
   (You found it on level 2 of the Depths)

Dungeon Overview and Level Annotations

Branches:
Dungeon (15/15) Zot: 38746  Temple (1/1) D:5 Zot: 8720    Lair (5/5) D:11 Zot: 35465
 Shoals (4/4) Lair:3 Zot: 30726  Spider (4/4) Lair:2 Zot: 28148   Slime (0/5) Lair:4
    Orc (2/2) D:12 Zot: 14944     Elf (3/3) Orc:2 Zot: 20841  Vaults (5/5) D:13 Zot: 33063
  Crypt (3/3) Vaults:2 Zot: 22561    Tomb (3/3) Crypt:3 Zot: 19710  Depths (4/4) D:15 Zot: 28697
   Hell (visited)             Dis (1/7) Hell Zot: 16762     Geh (0/7) Hell
    Coc (0/7) Hell            Tar (0/7) Hell            Zot (0/5) Depths:4
Ossuary (visited)           IceCv (visited)

Altars:
Ashenzari
Cheibriados
Dithmenos
Fedhas
Gozag
Hepliaklqana
Kikubaaqudgha
Makhleb
Nemelex Xobeh
Okawaru
Qazlal
Ru
Sif Muna
Trog
Uskayaw
Vehumet
Wu Jian
Xom
Yredelemnul

Shops:
D:2 *(=?   D:6 :   D:11 *   D:12 =   D:13 *=   Orc:2 ([*=   Elf:2 *
Shoals:1 **   Vaults:1 !

Portals:
Hell: Depths:1 Depths:2 Depths:3 Depths:4
Abyss: Depths:3
Pandemonium: Depths:2 Depths:3 Depths:4
Ziggurat: Depths:1

Annotations:
D:4 exclusion: upstairs
D:9 exclusions: boulder beetle, ugly thing and wyvern

####### #....∩#
#.....# #.....#
#.....#
#.....######
#.....#....#####
#...†v.........#
#.....).....##
#............#
#.^.##########
#...#1Dz12......
#...#22.1.......
#...#..####..#..
#..C#..#2....#..
#...#..#.....#.


You could see 3 Hell Sentinels, an iron dragon, an ancient champion (fast), a
hellion and 3 tormentors.


Message History

The iron dragon completely misses you. The iron dragon barely misses you.
The iron dragon misses you.
You blast the quicksilver elemental!!!!
You destroy the quicksilver elemental!
Cheibriados thoroughly appreciates the change of pace.
You blast the iron dragon!!!
You feel energetic enough to blinkbolt again.
You hear a deafening roar!
You hear a shout!
You feel the corruption within you wane completely.
Your body's shape seems more normal. 😎 MP[+1]
Your mp is fully restored (53).
You blast the iron dragon!!!
Lightning courses through the iron dragon!
You kill the iron dragon!
Cheibriados thoroughly appreciates the change of pace.
No reachable target in view!
No reachable target in view!
No reachable target in view!
An iron dragon comes into view.
The iron dragon roars deafeningly!
An ancient champion comes into view. It is wielding a +3 great sword.
A Hell Sentinel comes into view.
You see here a +0 flail.
Casting: Storm Form (mildly dangerous; 1% risk of failure)
Confirm with . or Enter, or press ? or * to list all spells.
You extend your transformation's duration.
The tormentor calls on the powers of darkness!
The iron dragon convulses!
Your body is wracked with pain!
The iron dragon convulses!
The tormentor calls on the powers of darkness!
The iron dragon convulses!
Your body is wracked with pain!
You feel threatened and lose the ability to read scrolls!
* * * LOW HITPOINT WARNING * * *
The iron dragon convulses! 😨 HP[-134] MP[-37]
You take 134 damage, and now have 75/209 hp.
MASSIVE DAMAGE!! (PAUSE)
You lost 37 mp, and now have 16/53 mp.
Unknown command.
The tormentor says, "I'll crush your bones, one by one."
The iron dragon breathes metal splinters at you.
The spray of metal splinters misses you.
The tormentor laughs crazily.
A dread lich comes into view.
The hellion gestures at you.
The sphere of damnation explodes!
The damnation engulfs you!!
* * * LOW HITPOINT WARNING * * *
You hear a shout! 😨 HP[-21] MP[-4]
You take 21 damage, and now have 54/209 hp.
You lost 4 mp, and now have 12/53 mp.
A Hell Sentinel comes into view.
The iron dragon breathes metal splinters at you.
The spray of metal splinters hits you but does no damage.
The ancient champion mumbles some strange words.
The ancient champion seems to speed up.
The Hell Sentinel moves out of view.
You blast the iron dragon!!!!
Lightning courses through the iron dragon!
You kill the iron dragon!
Cheibriados appreciates the change of pace. 😨 HP[+2] MP[+1]
You regained 2 hp, and now have 56/209 hp.
Unknown command.
Found a stone staircase leading down.
The dread lich mumbles some strange words.
The dread lich flickers and vanishes!
Deactivating autopickup; reactivate with Ctrl-A.
The tormentor calls on the powers of darkness!
The iron dragon convulses!
Your body is wracked with pain!
* * * LOW HITPOINT WARNING * * *
The hellion gestures at you.
The sphere of damnation explodes!
The damnation engulfs you!!
* * * LOW HITPOINT WARNING * * *
The tormentor laughs crazily.
An iron giant comes into view.
It is wielding a +0 giant spiked club. 😱 HP[-36] MP[-8]
You take 36 damage, and now have 20/209 hp.
You lost 8 mp, and now have 5/53 mp.
Unknown command.
The tormentor calls on the powers of darkness!
The iron dragon convulses!
Your body is wracked with pain!
* * * LOW HITPOINT WARNING * * *
Something completely misses you. Something touches you.
The tormentor calls on the powers of darkness!
The iron dragon convulses!
Your body is wracked with pain!
* * * LOW HITPOINT WARNING * * *
Unknown command. 😱 HP[-11] MP[-3]
You take 11 damage, and now have 9/209 hp.
You lost 3 mp, and now have 2/53 mp.
The hellion gestures at you.
The sphere of damnation explodes!
The damnation engulfs you!!
You die...

Skill      XL: |  1  2  3  4  5  6  7  8  9 10 11 12 13 14 15 16 17 18 19 20 21 22 23 24 25 26 |
---------------+-------------------------------------------------------------------------------+-----
Transmutations | 2 3 4 6 7 8 9 10 11 12 13 14 15 16 17 18 19 20 | 20.1
Unarmed Combat | 3 4 5 6 7 8 9 10 11 12 13 14 15 16 18 19 21 | 21.4
Poison Magic   | 1 2 |  2.0
Spellcasting   | 3 4 5 6 7 8 9 10 11 12 13 14 15 16 17 | 17.5
Ice Magic      | 1 4 5 7 |  7.0
Dodging        | 2 3 5 6 8 9 10 11 12 13 14 15 16 | 16.4
Invocations    | 2 4 6 8 10 11 12 13 14 15 16 17 18 19 20 21 22 | 22.7
Fighting       | 2 3 5 6 7 8 9 10 11 13 14 15 16 17 | 17.4
Air Magic      | 1 5 7 9 11 12 | 12.8
Translocations | 3 5 |  5.0

Action                     |  1- 3 |  4- 6 |  7- 9 | 10-12 | 13-15 | 16-18 | 19-21 | 22-24 | 25-27 || total
---------------------------+-------+-------+-------+-------+-------+-------+-------+-------+-------++-------
  Melee: Unarmed           |   130 |    89 |   228 |   577 |   745 |   541 |   845 |   852 |   656 ||  4663
         Kick              |    26 |    12 |       |       |       |       |       |       |       ||    38
         Headbutt          |     8 |     7 |       |       |       |       |       |       |       ||    15
         Punch             |     2 |       |       |     2 |    20 |    53 |    71 |   125 |   107 ||   380
         Tailslap          |       |       |       |    14 |     2 |     8 |       |    82 |     6 ||   112
   Cast: Beastly Appendage |    21 |    11 |     1 |     1 |       |     1 |     1 |       |       ||    36
         Wereblood         |     2 |     2 |     9 |    23 |    21 |     2 |    10 |    12 |     8 ||    89
         Spider Form       |     2 |     8 |     6 |       |       |       |       |       |       ||    16
         Ice Form          |       |       |    21 |    44 |    26 |       |       |       |       ||    91
         Blink             |       |       |       |       |     1 |       |       |       |       ||     1
         Storm Form        |       |       |       |       |    42 |    60 |    83 |    50 |    69 ||   304
         Manifold Assault  |       |       |       |       |       |       |    11 |       |       ||    11
         Statue Form       |       |       |       |       |       |       |       |     8 |     1 ||     9
 Invoke: Temporal Distorti |       |       |       |     1 |       |       |       |       |       ||     1
         Slouch            |       |       |       |       |     4 |       |     1 |     9 |       ||    14
         Bend Time         |       |       |       |       |       |       |       |     1 |       ||     1
         Step From Time    |       |       |       |       |       |       |       |     1 |       ||     1
Ability: End Transformatio |       |       |     1 |       |     2 |     2 |       |       |       ||     5
         Blinkbolt         |       |       |       |       |    19 |    17 |    15 |     7 |    20 ||    78
  Evoke: Wand              |       |       |       |     4 |       |     1 |       |       |     1 ||     6
    Use: Scroll            |     5 |    12 |     9 |     4 |       |     3 |     2 |     6 |       ||    41
         Potion            |     1 |       |       |     1 |       |     1 |       |    15 |       ||    18
   Stab: Sleeping          |       |       |     1 |       |     3 |     3 |     1 |       |       ||     8
         Distracted        |       |       |       |       |     1 |       |     3 |       |     1 ||     5
 Armour: Robe              |    23 |       |       |       |       |       |       |       |       ||    23
         Skin              |     2 |     6 |    64 |   242 |   238 |   152 |   131 |   425 |   114 ||  1374
         Leather armour    |     1 |     9 |     1 |       |       |       |       |       |       ||    11
         Steam dragon scal |       |       |       |       |     9 |     4 |       |    10 |     1 ||    24
  Dodge: Dodged            |    95 |    64 |   179 |   538 |  1027 |  1036 |  1241 |  3607 |  1149 ||  8936
         Repelled          |       |       |       |       |       |       |       |     1 |     9 ||    10
  Block: Other             |    21 |    11 |    45 |    93 |   151 |   114 |   102 |   407 |   126 ||  1070

Levels and vault maps discovered:
D:1:      lightli_arrival_isolated_outpost, layout_basic,
          shapermc_ecumenical_altar_pompeii, minmay_tromino_v4_c
D:2:      layout_loops_corners, serial_shops, shop_fountains,
          nicolae_square_shop, shop_scrolls, nicolae_shop_bloodbath_and_beyond
D:3:      layout_basic, nicolae_overflow_hidden_temple
D:4:      layout_basic, minivault_5
D:5:      layout_loops_cross, minmay_temple_entry_trees, skrybe_limestone_x
D:6:      layout_rooms, serial_shops, nicolae_shop_window_shopping
D:7:      layout_basic, enter_ossuary_1, nicolae_titane
D:8:      cheibrodos_wizards_tower, layout_cave_pools, evilmike_ruin_ashenzari
D:9:      layout_grid_maze, mainiacjoe_overflow_six_doors_small,
          kennysheep_just_a_vault
D:10:     layout_cave_pools, mainiacjoe_overflow_paths, elyvilon_altar_4
D:11:     layout_rooms, david_lair_shrubbed, serial_shops,
          nicolae_shop_advertising_works [nicolae_subvault_shop_adworks]
D:12:     layout_basic, david_orc_4, serial_shops,
          nicolae_shop_competitors_out_of_business, hangedman_feature_mirror
D:13:     layout_roguey, skrybe_vaults_entry_preservation, serial_shops,
          nicolae_square_shop, serial_glass, glass_columns_b, glass_columns_a,
          nicolae_shop_fire_sale [nicolae_sub_dead_trees], glass_columns_b,
          minmay_misc_feat_nine_boxes
D:14:     layout_small_grid, nicolae_ru_sacrificial_ziggurat
D:15:     grunt_enter_depths_giant_problem, layout_rooms, nicolae_hexahallways
Temple:   nicolae_temple_bog_church
Lair:1:   dreamdust_cave_troll, layout_cave_pods, serial_rivers,
          chequers_serial_rivers_micro_b, chequers_serial_rivers_small_b,
          chequers_serial_rivers_room_a, chequers_serial_rivers_marsh,
          chequers_serial_rivers_small_a, chequers_serial_rivers_marsh
Lair:2:   layout_roguey, spider_nest_entry_a, st_stairs_11, lemuel_fruit_fields,
          serial_bayou_shore_b, grunt_megastairs_2
Lair:3:   layout_chaotic_city, minmay_shoals_entry_lonely_mermaid,
          portal_ice_cave_entry_imps, uniq_fannar
Lair:4:   layout_regular_city, nicolae_slime_entry_slimehenge
Lair:5:   gammafunk_lair_ancient_temple, layout_regular_city,
          chequers_serial_rivers_room_a, lemuel_fruit_fields
Shoals:1: layout_shoals, ebering_ghost_gozag
Shoals:2: layout_shoals, hangedman_shoal_volcano
Shoals:3: layout_shoals, hellmonk_ghost_happy_afterlife
Shoals:4: shoals_end_simple, layout_shoals, shoals_ilsuiw_alternative,
          nicolae_shoals_drake_roost
Spider:1: layout_chambers
Spider:2: layout_spider_delve, uniq_arachne
Spider:3: layout_spider_delve, uniq_kirke
Spider:4: floodkiller_spider_rune_tomb, einodemon_crawler_minivault
Orc:1:    layout_caves, minmay_orc_temple_a
Orc:2:    grunt_orc_cross, layout_diamond_mine, hangedman_minor_magic,
          uniq_josephine
Elf:1:    layout_onion_city, ebering_ghost_xom
Elf:2:    elven_hall_of_blades_hangedman_alternative
          [infiniplex_blade_entry_pillars], layout_rooms, serial_shops,
          bzr_entry_water, nicolae_shop_trees
Elf:3:    minmay_elf_hall, layout_geoelf_grid, nicolae_elf_hall_of_bonks
Vaults:1: v_rooms_5, vaults_mumra_lcd, vaults_dpeg_ring,
          nicolae_vaults_border_crossing, ontoclasm_vaults_chip,
          hangedman_vaults_slither, hangedman_vaults_stitches,
          vaults_room_large_hall, hangedman_vaults_corner_blocks,
          nicolae_vaults_angled_halls, ontoclasm_vaults_gateway,
          vaults_room_mumra_shop_pool, layout_vaults_omnicross
Vaults:2: v_rooms_1, vaults_room_semicircle, hangedman_vaults_variations,
          nicolae_vaults_big_ls, vaults_standard_mumra_enter_the_diamond,
          minmay_crypt_entry_skeletal_spiral, ontoclasm_vaults_loading_screen,
          vaults_dpeg_hooks, layout_vaults_quadrants
Vaults:3: v_misc_15, ontoclasm_vaults_ring_large,
          nicolae_vaults_little_squares_4, nicolae_vaults_angled_halls,
          st_squares, v_rooms_3, vaults_dpeg_emergency_exit,
          grunt_vaults_hallway_short, grunt_vaults_hallway_short,
          ontoclasm_vaults_twist, vaults_room_corners, v_misc_28,
          nicolae_vaults_yaktaur_gun_rack, layout_vaults_maze_snakey
Vaults:4: kb_rosetta, nicolae_vaults_little_squares_2, v_pattern_3,
          v_alt_pattern_4, v_misc_1, v_misc_29,
          nicolae_vaults_stairing_the_circle, nicolae_vaults_ninety_degrees,
          ontoclasm_vaults_ligature, ontoclasm_vaults_idyll,
          vaults_standard_mumra_lines, nicolae_vaults_diagonal_hallway_9,
          layout_vaults_omnibox
Vaults:5
Crypt:1:  layout_gridlike, corner_web_ring
Crypt:2:  layout_rooms, special_room [special_room_morgue], uniq_vv
Crypt:3:  lightli_unholy_cathedral, layout_chaotic_city,
          nicolae_tomb_entry_grand_gallery, grunt_megastairs_5
Tomb:1
Tomb:2
Tomb:3
Depths:1: layout_twisted_cross, enter_ziggurat_f, hangedman_coc_ice_floe,
          serial_bayou_pond_a, solitary_fountain,
          dilly_guarded_unrand_elemental_staff, uniq_saint_roka,
          uniq_enchantress
Depths:2: gammafunk_depths_water_palace, layout_gridlike,
          grunt_pan_entry_in_and_out, hell_entry, minmay_misc_feat_four_crosses,
          infiniplex_staircase_door_maze
Depths:3: hangedman_arrow_trap, layout_small_grid, pf_dread_powers_of_hell,
          minmay_room_of_horrors, grunt_pan_entry_zigzag, serial_bayou_shore_a,
          uniq_sojobo, uniq_jory
Depths:4: grunt_zot_entry_pinwheel, layout_gridlike, grunt_hell_entry_dis_old,
          rand_demon_pan_entry_4, minivault_14, fedhas_altar_3,
          grunt_megastairs_4, uniq_frederick, uniq_margery
Hell
Dis:1:    nicolae_dis_heavy_security, layout_gridville,
          nicolae_dis_grated_feature

Notes
Turn   | Place    | Note
-------+----------+-------------------------------------------
     0 | D:1      | kae the Demonspawn Transmuter began the quest for the Orb.
     0 | D:1      | Reached XP level 1. HP: 15/15 MP: 3/3
     0 | D:1      | magus.rc [v1.11.3]
    99 | D:1      | Reached skill level 2 in Transmutations
   148 | D:1      | Gained mutation: A meltable shield of frost defends you.
                  | (SH +4) [demonic ancestry]
   148 | D:1      | Reached XP level 2. HP: 21/21 MP: 3/5
   391 | D:1      | Found a faded altar of an unknown god.
   734 | D:2      | Learned a level 2 spell: Wereblood
   741 | D:2      | HP: 5/21 [orc/+0 hand axe (6)]
   741 | D:2      | HP: 1/21 [orc/+0 hand axe (4)]
   750 | D:2      | Reached skill level 3 in Unarmed Combat
   770 | D:2      | HP: 5/21 [orc/+0 mace (2)]
   773 | D:2      | Gained mutation: You regenerate a little health from kills.
                  | [demonic ancestry]
   773 | D:2      | Reached XP level 3. HP: 6/26 MP: 2/6
   855 | D:2      | Learned a level 3 spell: Spider Form
  1063 | D:2      | Found Teehanga's Jewellery Shop.
  1315 | D:2      | Found Hean's Magic Scroll Emporium.
  1333 | D:2      | Bought a scroll of magic mapping for 75 gold pieces
  1333 | D:2      | Bought a scroll of identify for 20 gold pieces
  1477 | D:2      | Found Uxtesh's Weapon Shoppe.
  1601 | D:2      | Found Anonaguch's Assorted Antiques.
  1805 | D:3      | Identified the +1 leather armour of the Lobster {+Inv
                  | Int+2}
  1917 | D:3      | Noticed a phantom
  1951 | D:3      | Killed a phantom
  1952 | D:3      | Reached skill level 3 in Transmutations
  1952 | D:3      | Reached skill level 1 in Poison Magic
  1952 | D:3      | Reached XP level 4. HP: 28/32 MP: 1/8
  1959 | D:3      | Reached XP level 5. HP: 37/37 MP: 0/9
  2249 | D:3      | Found a shimmering altar of Xom.
  2253 | D:3      | Found an ancient bone altar of Kikubaaqudgha.
  2254 | D:3      | Found a hide-covered altar of Uskayaw.
  2559 | D:4      | Reached skill level 2 in Poison Magic
  2873 | D:4      | You add the spells Sting, Poisonous Vapours and Olgreb's
                  | Toxic Radiance to your library.
  3441 | D:3      | Found a basalt altar of Yredelemnul.
  3441 | D:3      | Found an ornate altar of the Wu Jian Council.
  3558 | D:5      | Entered Level 5 of the Dungeon
  3569 | D:5      | Reached skill level 3 in Spellcasting
  3602 | D:5      | HP: 8/37 [acid (3)]
  3605 | D:5      | Gained mutation: A meltable icy envelope protects you from
                  | harm. (AC +8) [demonic ancestry]
  3605 | D:5      | Reached XP level 6. HP: 10/43 MP: 6/10
  3947 | D:5      | Learned a level 4 spell: Olgreb's Toxic Radiance
  3995 | D:5      | Reached skill level 4 in Transmutations
  4285 | D:5      | Reached skill level 4 in Unarmed Combat
  4321 | D:5      | Found a staircase to the Ecumenical Temple.
  4466 | Temple   | Entered the Ecumenical Temple
  4634 | Temple   | Became a worshipper of Cheibriados the Contemplative
  4756 | D:6      | Gained mutation: You are surrounded by a mild repulsion
                  | field. (EV +2) [demonic ancestry]
  4756 | D:6      | Reached XP level 7. HP: 48/48 MP: 8/12
  4840 | D:6      | Found Ukockexag's Book Emporium.
  4958 | D:6      | Reached skill level 5 in Transmutations
  4963 | D:6      | Noticed a steam dragon
  4974 | D:6      | Killed a steam dragon
  4975 | D:6      | Reached skill level 4 in Spellcasting
  5166 | D:6      | Learned a level 4 spell: Ice Form
  5287 | D:6      | You pick up a book of Vapours and begin reading...
  5287 | D:6      | You add the spells Cigotuvi's Dreadful Rot and Mephitic
                  | Cloud to your library.
  5417 | D:7      | Reached skill level 1 in Ice Magic
  5421 | D:7      | Reached skill level 6 in Transmutations
  5421 | D:7      | Reached XP level 8. HP: 54/54 MP: 5/14
  5449 | D:7      | Found a sand-covered staircase.
  5459 | D:7      | Reached skill level 5 in Unarmed Combat
  5459 | D:7      | Reached skill level 2 in Ice Magic
  5465 | Ossuary  | Entered an ossuary
  5508 | Ossuary  | Reached * piety under Cheibriados
  5897 | D:7      | Reached skill level 3 in Ice Magic
  6225 | D:7      | You add the spells Blink, Manifold Assault and Storm Form
                  | to your library.
  6252 | D:7      | Reached ** piety under Cheibriados
  6803 | D:7      | Reached skill level 5 in Spellcasting
  6924 | D:8      | Noticed a wizard
  6941 | D:8      | Reached skill level 7 in Transmutations
  6979 | D:8      | Reached skill level 4 in Ice Magic
  6979 | D:8      | Gained mutation: You have a small tail. [demonic ancestry]
  6979 | D:8      | Reached XP level 9. HP: 59/59 MP: 11/16
  6989 | D:8      | Killed a wizard
  7158 | D:8      | You pick up a book of Dreams and begin reading...
  7158 | D:8      | You add the spells Ensorcelled Hibernation and Anguish to
                  | your library.
  7226 | D:8      | Reached skill level 5 in Ice Magic
  7515 | D:8      | Found a broken altar of Ashenzari.
  7751 | D:9      | Reached *** piety under Cheibriados
  7999 | D:9      | Noticed a red ugly thing
  8084 | D:9      | Noticed a boulder beetle
  8106 | D:9      | Reached skill level 2 in Dodging
  8106 | D:9      | Reached skill level 6 in Unarmed Combat
  8106 | D:9      | Reached skill level 1 in Invocations
  8114 | D:9      | Reached skill level 8 in Transmutations
  8123 | D:9      | Reached skill level 2 in Invocations
  8125 | D:9      | Reached skill level 2 in Fighting
  8125 | D:9      | Gained mutation: You regenerate health from kills. [demonic
                  | ancestry]
  8125 | D:9      | Reached XP level 10. HP: 67/67 MP: 14/18
  8160 | D:9      | Found a hazy altar of Hepliaklqana.
  8381 | D:9      | Reached **** piety under Cheibriados
  8384 | D:9      | Reached skill level 6 in Spellcasting
  8550 | D:10     | Entered Level 10 of the Dungeon
  8570 | D:10     | Noticed a red ugly thing
  8579 | D:10     | Killed a red ugly thing
  8580 | D:10     | Reached skill level 6 in Ice Magic
  8587 | D:10     | Noticed a two-headed ogre
  8868 | D:10     | Reached skill level 3 in Invocations
  8881 | D:10     | Killed a two-headed ogre
  8882 | D:10     | Reached skill level 3 in Dodging
  9041 | D:10     | Reached skill level 3 in Fighting
  9508 | D:11     | Found Hobb's General Store.
  9528 | D:11     | Reached skill level 4 in Invocations
  9606 | D:11     | Noticed a tengu warrior
  9619 | D:11     | Killed a tengu warrior
  9620 | D:11     | Reached skill level 9 in Transmutations
  9724 | D:11     | Noticed a boulder beetle
  9746 | D:11     | HP: 21/84 [boulder beetle (12)]
  9748 | D:11     | Killed a boulder beetle
  9749 | D:11     | Reached skill level 7 in Ice Magic
  9749 | D:11     | Reached XP level 11. HP: 28/76 MP: 16/20
 10025 | D:11     | Noticed a two-headed ogre
 10041 | D:11     | Killed a two-headed ogre
 10045 | D:11     | Reached skill level 4 in Fighting
 10050 | D:11     | Reached skill level 4 in Dodging
 10052 | D:11     | Reached skill level 5 in Invocations
 10104 | D:11     | Reached skill level 7 in Unarmed Combat
 10231 | D:11     | Found a staircase to the Lair.
 10660 | D:12     | Found a bloodstained altar of Trog.
 10678 | D:12     | Reached ***** piety under Cheibriados
 10808 | D:12     | Reached skill level 7 in Spellcasting
 10981 | D:12     | You pick up a book of Touch and begin reading...
 10981 | D:12     | You add the spells Kiss of Death, Confusing Touch and
                  | Dispel Undead to your library.
 11026 | D:12     | Found a shadowy altar of Dithmenos.
 11068 | D:12     | Learned a level 7 spell: Storm Form
 11111 | D:12     | You add the spells Ignite Poison, Sticky Flame and Ignition
                  | to your library.
 11277 | D:12     | Reached skill level 6 in Invocations
 11324 | D:12     | Found a staircase to the Orcish Mines.
 11411 | D:12     | Noticed a cyan ugly thing
 11425 | D:12     | Killed a cyan ugly thing
 11426 | D:12     | Reached skill level 10 in Transmutations
 11454 | D:12     | Found Sereozi's Jewellery Shop.
 11540 | D:12     | Reached skill level 5 in Fighting
 11729 | D:12     | Reached skill level 5 in Dodging
 11917 | Lair:1   | Entered Level 1 of the Lair of Beasts
 12331 | Lair:1   | Reached skill level 1 in Air Magic
 12331 | Lair:1   | Gained mutation: A meltable icy envelope protects you from
                  | harm. (AC +8) [demonic ancestry]
 12331 | Lair:1   | Reached XP level 12. HP: 86/86 MP: 19/23
 13055 | Lair:2   | Noticed a seven-headed hydra
 13055 | Lair:2   | Noticed an eight-headed hydra
 13062 | Lair:1   | Killed an eight-headed hydra
 13090 | Lair:2   | Reached skill level 2 in Air Magic
 13092 | Lair:2   | Reached skill level 7 in Invocations
 13128 | Lair:2   | Killed a seven-headed hydra
 13140 | Lair:2   | Reached skill level 3 in Air Magic
 13213 | Lair:2   | Reached skill level 8 in Unarmed Combat
 13254 | Lair:2   | Reached skill level 11 in Transmutations
 13255 | Lair:2   | Reached skill level 8 in Spellcasting
 13259 | Lair:2   | Reached skill level 4 in Air Magic
 13350 | Lair:2   | Reached ****** piety under Cheibriados
 13351 | Lair:2   | Reached skill level 8 in Invocations
 13377 | Lair:2   | Noticed a catoblepas
 13391 | Lair:2   | Killed a catoblepas
 13426 | Lair:2   | Found a hole to the Spider Nest.
 14129 | Lair:3   | Noticed Fannar
 14144 | Lair:3   | Killed Fannar
 14154 | Lair:3   | Found a frozen archway.
 14213 | IceCv    | Entered an ice cave
 14307 | IceCv    | Reached skill level 5 in Air Magic
 14388 | IceCv    | Reached XP level 13. HP: 91/91 MP: 20/25
 14753 | IceCv    | Reached skill level 9 in Invocations
 14874 | IceCv    | Reached skill level 6 in Air Magic
 14892 | IceCv    | Reached skill level 12 in Transmutations
 14922 | IceCv    | You pick up a book of Ice and begin reading...
 14922 | IceCv    | You add the spells Freezing Cloud, Simulacrum and Polar
                  | Vortex to your library.
 15131 | IceCv    | HP: 18/91 [something (40)]
 15543 | Lair:3   | Reached skill level 9 in Unarmed Combat
 15689 | Lair:3   | Found a staircase to the Shoals.
 16138 | Lair:4   | Learned a level 2 spell: Blink
 16200 | Lair:4   | You add the spells Hailstorm and Arcjolt to your library.
 16200 | Lair:4   | Got the Exposition on Force and the Stinger
 16350 | Lair:4   | Reached skill level 9 in Spellcasting
 16502 | Lair:4   | Reached skill level 7 in Air Magic
 16513 | Lair:4   | HP: 27/109 [poisoned by a black mamba]
 16518 | Lair:4   | HP: 21/109 [poisoned by a black mamba]
 16724 | Lair:4   | Reached skill level 10 in Invocations
 17001 | Lair:4   | Found a staircase to the Slime Pits.
 17197 | Lair:5   | Entered Level 5 of the Lair of Beasts
 17269 | Lair:5   | Gained mutation: You are surrounded by a moderate repulsion
                  | field. (EV +3) [demonic ancestry]
 17269 | Lair:5   | Reached XP level 14. HP: 97/98 MP: 27/27
 17401 | Lair:5   | Reached skill level 8 in Air Magic
 17412 | Lair:5   | Reached skill level 13 in Transmutations
 18496 | Orc:1    | Entered Level 1 of the Orcish Mines
 18579 | Orc:2    | Entered Level 2 of the Orcish Mines
 18581 | Orc:2    | Noticed Josephine
 18592 | Orc:2    | Killed Josephine
 18793 | Orc:2    | Found a staircase to the Elven Halls.
 18850 | Orc:2    | Reached skill level 11 in Invocations
 18858 | Orc:2    | Noticed Blork the orc
 18870 | Orc:2    | Killed Blork the orc
 18870 | Orc:2    | Noticed an orc warlord
 18878 | Orc:2    | You are cast into the Abyss!
 18878 | Abyss:3  | Cast into level 3 of the Abyss (orc warlord)
 18879 | Abyss:3  | Found a corrupted altar of Lugonu.
 18895 | Abyss:3  | Reached skill level 9 in Air Magic
 18917 | Abyss:3  | Reached skill level 10 in Unarmed Combat
 18943 | Abyss:3  | Noticed a bone dragon
 18958 | Abyss:3  | Reached skill level 10 in Spellcasting
 18960 | Abyss:3  | Killed a bone dragon
 19016 | Abyss:3  | Noticed a lich
 19023 | Abyss:3  | Killed a lich
 19044 | Orc:2    | You pass through the gate.
 19044 | Orc:2    | Escaped the Abyss
 19051 | Orc:2    | Gained mutation: You have a tail ending in a sharp stinger.
                  | [demonic ancestry]
 19051 | Orc:2    | Reached XP level 15. HP: 76/103 MP: 21/29
 19069 | Orc:2    | Found Velauk's General Store.
 19074 | Orc:2    | Found Atuceg's Jewellery Shoppe.
 19152 | Orc:2    | Found Cegean's Antique Weapon Shoppe.
 19168 | Orc:2    | Found Neycw's Antique Armour Shoppe.
 19589 | Orc:2    | You pick up a book of Minor Magic and begin reading...
 19589 | Orc:2    | You add the spells Magic Dart and Call Imp to your library.
 19591 | Orc:2    | You pick up a book of Minor Magic and begin reading...
 19908 | Orc:1    | Reached skill level 14 in Transmutations
 20098 | Orc:1    | Reached skill level 12 in Invocations
 20100 | Orc:1    | Reached skill level 10 in Air Magic
 20979 | D:13     | Found Ynetwe Yxoi's Jewellery Shoppe.
 21092 | D:13     | Found a gate to the Vaults.
 21107 | D:13     | Identified the amulet "Zerhel" {Spirit rF+ Will+ Int+5}
 21115 | D:13     | You pick up a book of Maledictions and begin reading...
 21152 | D:13     | Found Jiyps's Fire Supplies.
 21673 | D:14     | You pick up a book of Dreams and begin reading...
 21885 | D:14     | Found a sacrificial altar of Ru.
 22046 | D:14     | Identified the +1 scale mail of the Lizard {Rampage Dex+2}
 22183 | D:15     | Entered Level 15 of the Dungeon
 22454 | D:15     | Noticed a fire giant
 22459 | D:15     | Killed a fire giant
 22642 | D:15     | You pick up a book of the Earth and begin reading...
 22642 | D:15     | You add the spells Leda's Liquefaction, Lee's Rapid
                  | Deconstruction and Statue Form to your library.
 22679 | D:15     | Found a staircase to the Depths.
 23013 | Spider:1 | Entered Level 1 of the Spider Nest
 23113 | Spider:1 | Noticed an emperor scorpion
 23119 | Spider:1 | Killed an emperor scorpion
 24372 | Spider:2 | Reached skill level 11 in Air Magic
 24387 | Spider:2 | Reached XP level 16. HP: 104/110 MP: 4/30
 24407 | Spider:2 | Reached skill level 13 in Invocations
 24627 | Spider:2 | Reached skill level 11 in Unarmed Combat
 24627 | Spider:2 | Noticed Arachne
 24636 | Spider:2 | Killed Arachne
 24637 | Spider:2 | Reached skill level 15 in Transmutations
 24964 | Spider:2 | Reached skill level 11 in Spellcasting
 24979 | Spider:2 | HP: 25/111 [disintegration (9)]
 25715 | Spider:3 | You pick up a book of Scorching and begin reading...
 25715 | Spider:3 | You add the spells Scorch, Flame Wave and Summon Cactus
                  | Giant to your library.
 25733 | Spider:3 | Reached skill level 6 in Fighting
 25899 | Spider:3 | You pick up a book of Hexes and begin reading...
 25899 | Spider:3 | You add the spells Inner Flame, Cause Fear and Discord to
                  | your library.
 26068 | Spider:3 | Noticed Kirke
 26084 | Spider:3 | Killed Kirke
 26339 | Spider:4 | Entered Level 4 of the Spider Nest
 26510 | Spider:4 | Reached skill level 6 in Dodging
 26853 | Spider:4 | Reached skill level 12 in Air Magic
 27214 | Spider:4 | Reached XP level 17. HP: 118/119 MP: 30/32
 27398 | Spider:4 | Reached skill level 14 in Invocations
 27406 | Spider:4 | Reached skill level 7 in Fighting
 27525 | Spider:4 | Identified a potion of experience
 27551 | Spider:4 | Gained mutation: You have a sharp stinger which inflicts
                  | weakening toxins. [demonic ancestry]
 27551 | Spider:4 | Reached XP level 18. HP: 127/127 MP: 33/33
 27642 | Spider:4 | Got a gossamer rune of Zot
 27701 | Spider:4 | Reached skill level 7 in Dodging
 27701 | Spider:4 | Reached skill level 16 in Transmutations
 28115 | Spider:4 | Learned a level 6 spell: Statue Form
 28296 | Shoals:1 | Entered Level 1 of the Shoals
 28357 | Shoals:1 | Found a runed translucent gate.
 28357 | Shoals:1 | Found a runed translucent gate.
 28357 | Shoals:1 | Found a runed translucent gate.
 28358 | Shoals:1 | Found an opulent altar of Gozag.
 28358 | Shoals:1 | Found Robbeor's Assorted Antiques.
 28358 | Shoals:1 | Found Iruav's Assorted Antiques.
 28358 | Shoals:1 | Noticed Bynyse's ghost (adept DECj)
 28807 | Shoals:1 | Identified a scroll of acquirement
 28808 | Shoals:1 | Acquired a staff of air
 29226 | Shoals:1 | Killed Bynyse's ghost
 29372 | Shoals:2 | Reached skill level 12 in Spellcasting
 29395 | Shoals:2 | Reached skill level 12 in Unarmed Combat
 29651 | Shoals:2 | Identified the +0 sling of Gynn {drain, +Blink Will+}
 29660 | Shoals:2 | Reached skill level 8 in Fighting
 29906 | Shoals:2 | magus.rc [v1.11.3]
 30129 | Shoals:3 | Reached skill level 15 in Invocations
 30309 | Shoals:3 | Noticed Xuirch's ghost (adept MiFi)
 30333 | Shoals:3 | Found a runed translucent door.
 30561 | Shoals:3 | Killed Xuirch's ghost
 30587 | Shoals:4 | Entered Level 4 of the Shoals
 30598 | Shoals:4 | Reached skill level 8 in Dodging
 30886 | Shoals:4 | Gained mutation: Your presence sometimes corrodes those you
                  | injure. [demonic ancestry]
 30886 | Shoals:4 | Reached XP level 19. HP: 103/136 MP: 14/35
 31037 | Shoals:4 | Identified the +3 halberd of Xauluc {flame, rC- Will++ MP+9
                  | Dex-3}
 31088 | Shoals:4 | Noticed Ilsuiw
 31112 | Shoals:4 | Killed Ilsuiw
 31335 | Shoals:4 | Reached skill level 17 in Transmutations
 31450 | Shoals:4 | Reached skill level 9 in Fighting
 31456 | Shoals:4 | Got a barnacled rune of Zot
 31887 | Elf:1    | Entered Level 1 of the Elven Halls
 31968 | Elf:1    | Found a runed translucent door.
 31973 | Elf:1    | Found a shimmering altar of Xom.
 31973 | Elf:1    | Identified the +10 battleaxe of Onapo {chaos, rC+}
 31973 | Elf:1    | Noticed Tonnatak's ghost (journeyman AtFi)
 33249 | Elf:1    | Killed Tonnatak's ghost
 33301 | Elf:2    | Found a flickering gateway to a bazaar.
 33309 | Elf:2    | Reached skill level 9 in Dodging
 33342 | Elf:2    | Reached skill level 16 in Invocations
 33396 | Bazaar   | Entered a bazaar
 33396 | Bazaar   | Found Zado Gai's Magic Scroll Shoppe.
 33396 | Bazaar   | Found Vuephu's Armour Emporium.
 33477 | Bazaar   | Found Esesel's Armour Shoppe.
 33483 | Bazaar   | Bought a scroll of magic mapping for 105 gold pieces
 33493 | Bazaar   | Found Lahoysi's Jewellery Emporium.
 33730 | Elf:2    | Found Akel's General Store.
 33893 | Elf:2    | Found a huge runed translucent gate.
 33893 | Elf:2    | Found a huge runed translucent gate.
 33893 | Elf:2    | Found a huge runed translucent gate.
 33893 | Elf:2    | Found a huge runed translucent gate.
 33894 | Elf:2    | Found a huge runed translucent gate.
 34073 | Elf:2    | Reached skill level 13 in Spellcasting
 34249 | Elf:2    | Reached skill level 13 in Unarmed Combat
 34260 | Elf:2    | Gained mutation: You regenerate a lot of health from kills.
                  | [demonic ancestry]
 34260 | Elf:2    | Reached XP level 20. HP: 147/147 MP: 37/37
 34396 | Elf:3    | Entered Level 3 of the Elven Halls
 34778 | Elf:3    | Found a runed translucent gate.
 34778 | Elf:3    | Found a runed translucent gate.
 34778 | Elf:3    | Found a runed translucent gate.
 35022 | Elf:3    | Reached skill level 10 in Fighting
 35025 | Elf:3    | a +8 great mace; a +0 great mace; a +3 eveningstar {rare}
 35167 | Elf:3    | Reached skill level 18 in Transmutations
 35233 | Elf:3    | Identified the +6 shortbow "Acvet" {drain, Str+3}
 35302 | Elf:3    | Identified the +5 short sword of the Vaults {venom, rF-
                  | rCorr Str+5}
 35369 | Elf:3    | You pick up a book of the Senses and begin reading...
 35369 | Elf:3    | You add the spells Dazzling Flash, Agony and Silence to
                  | your library.
 35379 | Elf:3    | Identified the +0 robe "Caejeim" {rC+ Dex-4 Archmagi}
 35384 | Elf:3    | You pick up a book of the Warp and begin reading...
 35384 | Elf:3    | You add the spells Dispersal and Disjunction to your
                  | library.
 35395 | Elf:3    | You pick up a book of Blasting and begin reading...
 35395 | Elf:3    | You add the spells Kindle Blastsparks, Fulminant Prism and
                  | Iskenderun's Mystic Blast to your library.
 35399 | Elf:3    | You pick up a book of Callings and begin reading...
 35399 | Elf:3    | You add the spells Summon Small Mammal, Call Canine
                  | Familiar and Summon Guardian Golem to your library.
 35400 | Elf:3    | Identified the +8 dire flail of the Modern Gods {freeze,
                  | Str+4 Int+3 SInv}
 35430 | Elf:3    | Found the +3 salamander hide armour {Flames, rFlCloud rF++
                  | rC--}
 35461 | Elf:3    | You pick up a book of Blasting and begin reading...
 35468 | Elf:3    | You pick up a book of Misfortune and begin reading...
 35471 | Elf:3    | You pick up a book of the Earth and begin reading...
 35479 | Elf:3    | Identified the +6 whip of Veasebb {vamp, Will++ Str+3 Dex-4
                  | SInv}
 35490 | Elf:3    | Identified the ring "Vekhlut" {Will+ rCorr MP+9 Int+3}
 35546 | Elf:3    | You pick up a book of Alchemy and begin reading...
 35546 | Elf:3    | You add the spells Sublimation of Blood, Petrify and
                  | Irradiate to your library.
 35548 | Elf:3    | You add the spells Summon Mana Viper, Summon Forest and
                  | Summon Horrible Things to your library.
 35548 | Elf:3    | Got the Textbook on the Boggart
 35569 | Elf:3    | Learned a level 4 spell: Manifold Assault
 35790 | Vaults:1 | Entered Level 1 of the Vaults
 35929 | Vaults:1 | Reached skill level 1 in Translocations
 36051 | Vaults:1 | Reached skill level 10 in Dodging
 36208 | Vaults:1 | Reached skill level 17 in Invocations
 36213 | Vaults:1 | Reached skill level 2 in Translocations
 36936 | Vaults:1 | Found Leunesm's Distillery.
 37053 | Vaults:1 | Reached skill level 3 in Translocations
 37437 | Vaults:2 | Reached XP level 21. HP: 155/155 MP: 8/38
 37461 | Vaults:2 | Reached skill level 11 in Fighting
 38697 | Vaults:2 | Found a staircase to the Crypt.
 39149 | Vaults:3 | Paralysed by a great orb of eyes for 3 turns
 39350 | Vaults:3 | Reached skill level 19 in Transmutations
 39352 | Vaults:3 | Reached skill level 4 in Translocations
 39628 | Vaults:3 | Reached skill level 14 in Spellcasting
 39646 | Vaults:3 | Reached skill level 14 in Unarmed Combat
 40217 | Vaults:4 | Reached skill level 18 in Invocations
 40228 | Vaults:4 | Reached skill level 11 in Dodging
 40235 | Vaults:4 | Reached skill level 5 in Translocations
 40756 | Vaults:4 | Gained mutation: Your presence sometimes corrodes or
                  | deforms those you injure. [demonic ancestry]
 40756 | Vaults:4 | Reached XP level 22. HP: 165/165 MP: 40/40
 40907 | Vaults:4 | You pick up a book of Misfortune and begin reading...
 41344 | Vaults:5 | Entered Level 5 of the Vaults
 41348 | Vaults:5 | Reached skill level 12 in Fighting
 41395 | Vaults:5 | Identified the ring "Loippugi" {rPois Int+6 Stlth+}
 41399 | Vaults:5 | Reached skill level 20 in Transmutations
 41413 | Vaults:5 | Noticed an ancient lich
 41422 | Vaults:5 | Reached skill level 19 in Invocations
 41425 | Vaults:5 | Killed an ancient lich
 41426 | Vaults:5 | Reached skill level 15 in Unarmed Combat
 41434 | Vaults:5 | Reached skill level 12 in Dodging
 41442 | Vaults:5 | Reached skill level 15 in Spellcasting
 41636 | Vaults:5 | Got the Incunable of the Seven Princes
 41638 | Vaults:5 | Got a silver rune of Zot
 41641 | Vaults:5 | Got Sif Muna's Opusculum on the Syncline and Cadavers
 41805 | Vaults:5 | Identified the +3 spear of Peril {chaos, rCorr Int+7 Dex-2}
 42066 | Vaults:5 | You pick up a book of Displacement and begin reading...
 42066 | Vaults:5 | You add the spells Lesser Beckoning, Gell's Gravitas and
                  | Teleport Other to your library.
 42223 | Vaults:5 | Identified the +6 scale mail of Elyvilon's Respect {Harm
                  | rF+ Will+}
 42253 | Vaults:5 | Identified the +4 mace "Goblinbane" {flame, Stlth+}
 42273 | Vaults:5 | You pick up a book of Cantrips and begin reading...
 42273 | Vaults:5 | You add the spells Necrotise and Apportation to your
                  | library.
 42281 | Vaults:5 | You pick up a book of Changes and begin reading...
 42781 | D:13     | Acquired 1012 gold pieces
 42884 | Crypt:1  | Entered Level 1 of the Crypt
 43081 | Crypt:1  | Noticed a curse skull
 43087 | Crypt:1  | Killed a curse skull
 43340 | Crypt:1  | Reached skill level 13 in Fighting
 43453 | Crypt:1  | Reached XP level 23. HP: 175/175 MP: 42/42
 43781 | Crypt:2  | Noticed Vv
 43796 | Crypt:2  | Killed Vv
 43838 | Crypt:2  | Noticed an ancient lich
 43845 | Crypt:2  | Killed an ancient lich
 43986 | Crypt:2  | Identified the +1 plate armour of Incorporation {rF+ Str+3}
 44038 | Crypt:2  | You add the spells Tukima's Dance and Passage of Golubria
                  | to your library.
 44172 | Crypt:2  | You add the spells Vampiric Draining and Infestation to
                  | your library.
 44172 | Crypt:2  | Got the Thoughts on Sinister Acts
 44391 | Crypt:3  | Entered Level 3 of the Crypt
 44395 | Crypt:3  | Noticed a curse skull
 44405 | Crypt:3  | Killed a curse skull
 44423 | Crypt:3  | Noticed a curse skull
 44426 | Crypt:3  | Killed a curse skull
 44508 | Crypt:3  | Identified the +5 whip of Evisceration {pain, Str+3}
 44662 | Crypt:3  | Reached skill level 16 in Unarmed Combat
 45159 | Crypt:3  | Reached skill level 20 in Invocations
 45323 | Crypt:3  | Found a basalt altar of Yredelemnul.
 45329 | Crypt:3  | Found an ancient bone altar of Kikubaaqudgha.
 45340 | Crypt:3  | Identified the +8 spear "Ughibu Qacu" {flame, rF++ rC-
                  | Str+8 Dex-4}
 45342 | Crypt:3  | Got the Omnibus of Ashen Burning
 45345 | Crypt:3  | Identified the +15 plate armour of a Thousand Youths {rC+
                  | Int+2 Dex-5}
 45348 | Crypt:3  | Identified the +0 pair of gloves "Damnable Contraption"
                  | {rPois rN+++ Str-5 Stlth+}
 45604 | Crypt:3  | Found a staircase to the Tomb.
 45610 | Tomb:1   | Entered Level 1 of the Tomb of the Ancients
 45700 | Tomb:1   | Reached skill level 13 in Dodging
 45713 | Tomb:1   | Noticed a royal mummy
 45714 | Tomb:1   | Noticed a royal mummy
 45714 | Tomb:1   | Noticed a royal mummy
 45719 | Tomb:1   | Killed a royal mummy
 45723 | Tomb:1   | Killed a royal mummy
 45725 | Tomb:1   | HP: 37/177 [something (12)]
 45728 | Tomb:1   | Killed a royal mummy
 45728 | Tomb:1   | HP: 7/174 [bennu (19)]
 45729 | Tomb:1   | Gained mutation: You occasionally lose the ability to read
                  | scrolls when taking damage. [a neqoxec]
 45733 | Tomb:1   | HP: 20/171 [mummy priest/divine providence (16)]
 45740 | Tomb:1   | HP: 40/172 [??? (31)]
 45748 | Tomb:1   | HP: 39/173 [something (19)]
 45928 | Tomb:1   | You pick up a book of Lightning and begin reading...
 45928 | Tomb:1   | You add the spells Static Discharge, Vhi's Electric Charge
                  | and Lightning Bolt to your library.
 46179 | Tomb:1   | Reached skill level 14 in Fighting
 46659 | Tomb:2   | Noticed a royal mummy
 46659 | Tomb:2   | Noticed a royal mummy
 46661 | Tomb:2   | Noticed a royal mummy
 46662 | Tomb:2   | Noticed a royal mummy
 46663 | Tomb:2   | HP: 32/169 [royal mummy/divine providence (14)]
 46665 | Tomb:2   | HP: 13/169 [??? (8)]
 46666 | Tomb:2   | HP: 5/169 [guardian mummy (15)]
 46672 | Tomb:2   | HP: 30/169 [??? (26)]
 46959 | Tomb:2   | Killed a royal mummy
 46964 | Tomb:2   | Gained mutation: You are surrounded by a strong repulsion
                  | field. (EV +4, RMsl) [demonic ancestry]
 46964 | Tomb:2   | Reached XP level 24. HP: 84/170 MP: 13/42
 46980 | Tomb:2   | Killed a royal mummy
 46981 | Tomb:2   | Reached skill level 17 in Unarmed Combat
 46987 | Tomb:2   | Killed a royal mummy
 46988 | Tomb:2   | Reached skill level 16 in Spellcasting
 46990 | Tomb:2   | Killed a royal mummy
 47233 | Tomb:2   | You pick up a book of Rime and begin reading...
 47233 | Tomb:2   | You add the spells Frozen Ramparts and Summon Ice Beast to
                  | your library.
 47553 | Tomb:1   | Noticed a royal mummy
 47561 | Tomb:1   | Killed a royal mummy
 47565 | Tomb:1   | Noticed a royal mummy
 47566 | Tomb:1   | Noticed a royal mummy
 47573 | Tomb:1   | Killed a royal mummy
 47575 | Tomb:1   | Killed a royal mummy
 48060 | Tomb:1   | Noticed a royal mummy
 48062 | Tomb:1   | Noticed a royal mummy
 48068 | Tomb:1   | Killed a royal mummy
 48078 | Tomb:1   | Killed a royal mummy
 48230 | Tomb:1   | Noticed a royal mummy
 48231 | Tomb:1   | Noticed a royal mummy
 48238 | Tomb:1   | Killed a royal mummy
 48245 | Tomb:1   | Killed a royal mummy
 48295 | Tomb:1   | Noticed a royal mummy
 48304 | Tomb:1   | Killed a royal mummy
 48305 | Tomb:1   | Reached skill level 21 in Invocations
 48308 | Tomb:1   | Noticed a royal mummy
 48309 | Tomb:1   | Noticed a royal mummy
 48317 | Tomb:1   | Noticed a royal mummy
 48322 | Tomb:1   | Killed a royal mummy
 48324 | Tomb:1   | HP: 85/362 [royal mummy/divine providence (13)]
 48329 | Tomb:1   | Killed a royal mummy
 48329 | Tomb:1   | HP: 71/362 [torment (17)]
 48332 | Tomb:1   | Killed a royal mummy
 48339 | Tomb:1   | Noticed a royal mummy
 48340 | Tomb:1   | HP: 32/186 [royal mummy/divine providence (8)]
 48345 | Tomb:1   | HP: 6/186 [royal mummy/divine providence (12)]
 48346 | Tomb:1   | Killed a royal mummy
 48348 | Tomb:1   | Noticed a royal mummy
 48351 | Tomb:1   | HP: 31/187 [royal mummy/divine providence (12)]
 48368 | Tomb:1   | Noticed a royal mummy
 48370 | Tomb:1   | HP: 17/187 [??? (10)]
 48376 | Tomb:1   | HP: 8/187 [emperor scorpion[a royal mummy] (11)]
 48381 | Tomb:1   | HP: 24/187 [emperor scorpion[a royal mummy] (2)]
 48387 | Tomb:1   | HP: 25/187 [??? (7)]
 48388 | Tomb:1   | HP: 9/187 [emperor scorpion[a royal mummy] (7)]
 48394 | Tomb:1   | Killed a royal mummy
 48394 | Tomb:1   | HP: 6/187 [torment (1)]
 48417 | Tomb:1   | Noticed a royal mummy
 48418 | Tomb:1   | HP: 33/187 [royal mummy/divine providence (10)]
 48423 | Tomb:1   | Killed a royal mummy
 48423 | Tomb:1   | HP: 23/187 [torment (11)]
 48718 | Tomb:1   | Killed a royal mummy
 49121 | Tomb:2   | Paralysed by a Zot trap for 2 turns
 49319 | Tomb:3   | Entered Level 3 of the Tomb of the Ancients
 49348 | Tomb:3   | Noticed a royal mummy
 49351 | Tomb:3   | Reached skill level 18 in Unarmed Combat
 49354 | Tomb:3   | Noticed a royal mummy
 49362 | Tomb:3   | Noticed a royal mummy
 49366 | Tomb:3   | Reached skill level 14 in Dodging
 49366 | Tomb:3   | HP: 55/243 [royal mummy/divine providence (14)]
 49372 | Tomb:3   | Killed a royal mummy
 49372 | Tomb:3   | HP: 56/243 [something (14)]
 49379 | Tomb:3   | HP: 50/243 [torment (12)]
 49379 | Tomb:3   | HP: 20/243 [torment (5)]
 49382 | Tomb:3   | Killed a royal mummy
 49384 | Tomb:3   | HP: 54/243 [??? (15)]
 49385 | Tomb:3   | Killed a royal mummy
 49385 | Tomb:3   | HP: 19/243 [something (23)]
 49407 | Tomb:3   | Reached skill level 15 in Fighting
 49413 | Tomb:3   | Identified the ring "Toewati" {rElec rF+ Int+3 Dex+7
                  | Slay-2}
 49413 | Tomb:3   | Noticed a royal mummy
 49427 | Tomb:3   | Killed a royal mummy
 49468 | Tomb:3   | Reached XP level 25. HP: 194/194 MP: 12/43
 49592 | Tomb:3   | You pick up a book of Air and begin reading...
 49592 | Tomb:3   | You add the spells Shock, Swiftness and Airstrike to your
                  | library.
 49607 | Tomb:3   | Identified the +2 great sword "Qeco" {heavy, Str+3}
 49611 | Tomb:3   | You pick up a book of Annihilations and begin reading...
 49611 | Tomb:3   | You add the spells Chain Lightning, Fire Storm and Shatter
                  | to your library.
 49616 | Tomb:3   | Identified the ring "Xuadd" {MP-9 Str+6 Int+6}
 49688 | Tomb:3   | Identified the +5 flail of the King {flame, rCorr Int+3}
 49690 | Tomb:3   | Identified the ring of Compulsion {*Slow rF+ rN++ Str-3
                  | Int+6}
 49714 | Tomb:3   | Noticed Khufu
 49724 | Tomb:3   | Killed Khufu
 49956 | Tomb:3   | Noticed a royal mummy
 49963 | Tomb:3   | Killed a royal mummy
 50023 | Tomb:3   | Noticed a royal mummy
 50038 | Tomb:3   | Killed a royal mummy
 50150 | Tomb:3   | You pick up a book of Chaos and begin reading...
 50327 | Tomb:3   | Noticed a royal mummy
 50330 | Tomb:3   | Noticed a royal mummy
 50334 | Tomb:3   | Killed a royal mummy
 50344 | Tomb:3   | Killed a royal mummy
 50371 | Tomb:3   | Reached skill level 17 in Spellcasting
 50496 | Tomb:3   | Got a golden rune of Zot
 51047 | Depths:1 | Entered Level 1 of the Depths
 51151 | Depths:1 | Found a gateway to Hell.
 51153 | Depths:1 | Noticed Saint Roka
 51169 | Depths:1 | Killed Saint Roka
 51170 | Depths:1 | Reached skill level 22 in Invocations
 51276 | Depths:1 | Found a one-way gateway to a ziggurat.
 51309 | Depths:1 | Reached skill level 19 in Unarmed Combat
 51327 | Depths:1 | the Enchantress comes into view. She is wielding a +5 demon
                  | whip of flaming, wearing the +5 faerie dragon scales
                  | {Rampage Will+ Regen+ rCorr Int-5} and wearing a +1 buckler
                  | of reflection.
 51327 | Depths:1 | Noticed the Enchantress
 51331 | Depths:1 | Here: the Enchantress, wielding a +5 demon whip of flaming,
                  | wearing the +5 faerie dragon scales {Rampage Will+ Regen+
                  | rCorr Int-5} and wearing a +1 buckler of reflection
                  | (repelling missiles, reflecting blocked projectiles)
 51331 | Depths:1 | Here: the Enchantress, wielding a +5 demon whip of flaming,
                  | wearing the +5 faerie dragon scales {Rampage Will+ Regen+
                  | rCorr Int-5} and wearing a +1 buckler of reflection
                  | (repelling missiles, reflecting blocked projectiles)
 51342 | Depths:1 | Killed the Enchantress
 51429 | Depths:1 | Noticed a shard shrike
 51436 | Depths:1 | Killed a shard shrike
 51447 | Depths:1 | +0 storm dragon scales {rare}; a storm dragon corpse; a
                  | storm dragon corpse
 51460 | Depths:1 | +0 storm dragon scales {rare}; a storm dragon corpse; a
                  | storm dragon corpse
 51539 | Depths:1 | a master elementalist comes into view. It is wielding the
                  | +3 Elemental Staff {rElec rF++ rC++ AC+5} and wearing a +1
                  | robe of willpower.
 51540 | Depths:1 | Aim: a master elementalist, wielding the +3 Elemental Staff
                  | {rElec rF++ rC++ AC+5} and wearing a +1 robe of willpower
                  | (wandering, hasn't noticed you, 90% to hit)
 51540 | Depths:1 | Aim: a master elementalist, wielding the +3 Elemental Staff
                  | {rElec rF++ rC++ AC+5} and wearing a +1 robe of willpower
                  | (wandering, hasn't noticed you, 90% to hit)
 51603 | Depths:1 | +0 storm dragon scales {rare}; a storm dragon corpse; a
                  | storm dragon corpse
 52278 | Depths:2 | Reached skill level 15 in Dodging
 52341 | Depths:2 | You pick up a book of Cantrips and begin reading...
 52498 | Depths:2 | Found a one-way gate leading to the halls of Pandemonium.
 52505 | Depths:2 | Reached skill level 16 in Fighting
 53056 | Depths:3 | You pick up a book of Sloth and begin reading...
 53097 | Depths:4 | Entered Level 4 of the Depths
 53097 | Depths:4 | Noticed a juggernaut
 53164 | Depths:3 | Noticed Sojobo
 53171 | Depths:3 | Reached XP level 26. HP: 195/205 MP: 36/44
 53171 | Depths:3 | Killed Sojobo
 53224 | Depths:3 | Noticed Jory
 53228 | Depths:3 | Killed Jory
 53229 | Depths:3 | Reached skill level 20 in Unarmed Combat
 53335 | Depths:3 | Found a one-way gate to the infinite horrors of the Abyss.
 53524 | Depths:3 | You pick up a book of Changes and begin reading...
 54379 | Depths:4 | Killed a juggernaut
 54415 | Depths:4 | You pick up a book of Decay and begin reading...
 54550 | Depths:4 | Found a gate to the Realm of Zot.
 54590 | Depths:4 | Found a blossoming altar of Fedhas.
 54674 | Depths:4 | Noticed Margery
 54692 | Depths:4 | Killed Margery
 54713 | Depths:4 | a +1 halberd; +0 shadow dragon scales {rare}
 54731 | Depths:4 | Noticed Frederick
 54736 | Depths:4 | Killed Frederick
 54835 | Depths:4 | Reached skill level 17 in Fighting
 55077 | Depths:4 | Reached skill level 16 in Dodging
 55531 | Hell     | Entered the Vestibule of Hell
 55541 | Hell     | Reached skill level 21 in Unarmed Combat
 55547 | Hell     | Noticed Geryon
 55564 | Hell     | Killed Geryon
 55609 | Hell     | Noticed Murray
 55612 | Hell     | Found a gateway to the freezing wastes of Cocytus.
 55619 | Hell     | Killed Murray
 56034 | Hell     | Found a gateway to the ashen valley of Gehenna.
 56182 | Hell     | Found a gateway to the decaying netherworld of Tartarus.
 56361 | Hell     | Found a gateway to the Iron City of Dis.
 56412 | Dis:1    | Entered Level 1 of the Iron City of Dis
 56426 | Dis:1    | Noticed a dread lich
 56429 | Dis:1    | HP: 36/209 [??? (23)]
 56431 | Dis:1    | HP: 14/209 [??? (7)]
 56432 | Dis:1    | Killed from afar by a hellion

Vanquished Creatures
  Khufu (Tomb:3)
  2 ancient liches
  A juggernaut (Depths:4)
  Vv (Crypt:2)
  30 royal mummies
  Sojobo (Depths:3)
  A shard shrike (Depths:1)
  Margery (Depths:4)
  Frederick (Depths:4)
  Saint Roka (Depths:1)
  2 golden dragons
  the Enchantress (Depths:1)
  Jory (Depths:3)
  Geryon (Hell)
  Arachne (Spider:2)
  2 profane servitors (Crypt:3)
  2 bone dragons
  6 tentacled monstrosities
  2 iron giants (Depths:1)
  5 deep elf blademasters (Elf:3)
  A walking earthen tome (Depths:3)
  8 titans
  4 deep elf master archers (Elf:3)
  2 quicksilver dragons (Vaults:5)
  6 liches
  9 sphinxes
  An eldritch tentacle (Tomb:2)
  Murray (Hell)
  12 ancient champions
  10 tengu reavers
  The ghost of Xuirch the Warrior, an adept MiFi of Cheibriados (Shoals:3)
  Kirke (Spider:3)
  Ilsuiw (Shoals:4)
  6 shadow dragons
  The ghost of Bynyse the Eclecticist, an adept DECj of Vehumet (Shoals:1)
  7 revenants
  8 storm dragons
  A draconian knight (Depths:4)
  A quicksilver elemental (Dis:1)
  4 iron dragons
  5 frost giants
  4 deep elf sorcerers
  9 emperor scorpions
  4 balrugs
  4 orc warlords
  15 fire giants
  7 vault wardens
  A juggernaut zombie (Tomb:1)
  A draconian scorcher (Depths:4)
  A draconian annihilator (Depths:4)
  3 curse skulls
  6 ghost moths
  5 ghouls (Crypt:3)
  6 ironbound thunderhulks
  22 ironbound preservers
  2 broodmothers (Spider:2)
  2 reapers
  7 spriggan defenders
  14 vampire knights
  18 stone giants
  10 very ugly things
  3 black draconians (Depths:4)
  2 putrid mouths (Hell)
  5 war gargoyles
  A deep elf demonologist (Elf:3)
  4 bennus (Tomb:1)
  A lorocyproca (Hell)
  4 deep elf annihilators (Elf:3)
  4 spark wasps (Spider:4)
  A yellow draconian (Depths:4)
  11 dire elephants (Vaults:1)
  A purple draconian (Depths:4)
  4 green deaths
  A red draconian (Depths:4)
  14 merfolk javelineers
  4 iron golems (Hell)
  10 deep elf death magi
  3 eidola
  The ghost of Tonnatak the Protected, a journeyman AtFi of Ru (Elf:1)
  3 crystal guardians (Vaults:4)
  8 ettins
  10 jiangshi
  A fire dragon (shapeshifter) (Vaults:5)
  A quicksilver dragon zombie (Tomb:2)
  30 mummy priests
  4 deep elf high priests
  Fannar (Lair:3)
  3 great orbs of eyes
  6 entropy weavers
  13 merfolk impalers
  5 fire dragons
  20 yaktaur captains
  27 vault guards
  Josephine (Orc:2)
  2 spriggan zombies
  12 ice dragons
  5 spriggan air magi
  2 Orb Guardian zombies
  7 merfolk avatars
  15 ironbound frosthearts
  9 merfolk aquamancers
  2 ogre magi
  2 peacekeepers (Vaults:4)
  A spriggan skeleton (Tomb:3)
  5 rakshasas
  7 hydras
  9 centaur warriors
  3 catoblepae
  2 jorogumos (Spider:4)
  2 alligator snapping turtles (Shoals:1)
  A death knight (Crypt:1)
  3 radroaches (Spider:4)
  8 death yaks
  7 two-headed ogres
  85 death scarabs
  2 satyrs
  7 boulder beetles
  31 dancing weapons
  2 tengu warriors
  3 deep troll shamans
  6 spriggan berserkers
  3 deep troll earth magi (Depths:1)
  7 vampire magi
  2 orc high priests
  16 hell knights
  6 soul eaters
  2 shadow wraiths (Crypt:2)
  A spectral emperor scorpion (Spider:4)
  14 sun demons
  13 deep elf knights
  2 sixfirhies
  A fire crab (Shoals:2)
  A wretched star (Abyss:3)
  2 titan skeletons
  5 iron trolls
  27 skeletal warriors
  6 pharaoh ants
  A sun moth (Spider:2)
  72 deep trolls
  4 shadow demons
  9 sea snakes
  11 wizards
  7 orb spiders
  6 phantasmal warriors
  An iron giant skeleton (Crypt:3)
  7 flayed ghosts
  A golden dragon skeleton (Crypt:2)
  An obsidian statue (Shoals:1)
  14 lindwurms
  An anaconda skeleton (Crypt:3)
  2 glowing orange brains
  6 necromancers
  10 orc knights
  A mana viper (shapeshifter) (Vaults:5)
  A bunyip skeleton (Hell)
  28 deep elf zephyrmancers
  6 steelbarb worms
  12 deep elf archers
  An iron dragon zombie (Crypt:3)
  24 deep elf pyromancers
  25 ironbound convokers
  3 spectral wolf spiders (Spider:4)
  3 orc sorcerers
  21 harpies
  2 shadow dragon skeletons
  9 wolf spiders
  16 manticores
  31 ugly things
  5 fauns
  4 large abominations (Depths:3)
  7 cyclopes
  A manticore (shapeshifter) (Vaults:5)
  A worldbinder (Abyss:3)
  3 black mambas
  An ice statue (IceCv)
  11 elephants
  8 starcursed masses (Abyss:3)
  An apocalypse crab (Abyss:3)
  A fire giant skeleton (Vaults:2)
  2 moths of wrath (Spider:4)
  3 merfolk sirens
  12 demonic crawlers
  17 vault sentinels
  A naga zombie (Crypt:3)
  4 frost giant skeletons
  4 water nymphs
  7 rust devils
  2 molten gargoyles (Hell)
  A centaur skeleton (Tomb:3)
  4 orange demons
  2 elf skeletons
  6 cane toads
  A naga skeleton (Hell)
  A cane toad (shapeshifter) (D:13)
  10 smoke demons
  6 unseen horrors
  A kobold demonologist (D:14)
  A pale draconian zombie (Crypt:3)
  A white draconian zombie (Crypt:2)
  13 komodo dragons
  A spectral redback (Spider:4)
  13 rime drakes
  An efreet (Abyss:3)
  29 yaktaurs
  3 ice devils
  2 freezing wraiths (Crypt:3)
  A redback zombie (Spider:4)
  A rime drake (shapeshifter) (Elf:1)
  4 red devils
  50 guardian mummies
  A minotaur skeleton (Tomb:2)
  A yaktaur skeleton (Vaults:2)
  4 tengu conjurers
  An ancient zyme (Abyss:3)
  2 harpy zombies
  13 polar bears
  29 merfolk
  5 trolls
  2 spectral tarantellas (Spider:4)
  A hellwing (Depths:3)
  3 meliai (Spider:4)
  8 hornets
  A harpy skeleton (Tomb:3)
  An ettin zombie (Tomb:2)
  3 spectral jumping spiders (Spider:4)
  2 raiju (Abyss:3)
  A spectral culicivora (Spider:4)
  19 tarantellas
  8 snapping turtles
  11 blink frogs
  11 wind drakes
  12 dream sheep
  2 jumping spider zombies (Spider:4)
  A raiju (shapeshifter) (Abyss:3)
  26 slime creatures
  A culicivora zombie (Crypt:3)
  A tarantella zombie (Spider:4)
  An iron dragon simulacrum (Hell)
  22 flying skulls
  2 guardian serpent skeletons (Crypt:3)
  26 jumping spiders
  2 shadows
  14 culicivoras
  A dire elephant simulacrum (Hell)
  10 spriggans
  27 water elementals
  4 air elementals
  A slime creature zombie (Crypt:2)
  A yak (shapeshifter) (D:15)
  5 hogs (Spider:3)
  4 vampires
  A wyvern (D:7)
  7 wraiths
  3 fire bats (Shoals:2)
  A wind drake zombie (Crypt:2)
  A hog (shapeshifter) (Elf:3)
  76 yaks
  A naga simulacrum (Tomb:3)
  7 steam dragons
  2 ettin skeletons
  2 basilisks (Lair:2)
  2 neqoxecs
  A human simulacrum (Vaults:3)
  16 ushabtiu
  3 fire elementals
  7 chaos spawn
  3 small abominations (Depths:3)
  37 redbacks
  5 wargs
  2 vampire mosquitoes
  A cane toad zombie (Crypt:2)
  An acid dragon (D:12)
  2 human skeletons (Vaults:2)
  3 water moccasins
  3 floating eyes
  2 ogre skeletons
  A swamp drake (Orc:2)
  An ice beast (D:7)
  A black bear (shapeshifter) (Abyss:3)
  38 orc warriors
  2 sky beasts
  4 ogres
  A lindwurm skeleton (Crypt:1)
  A tengu (shapeshifter) (Elf:3)
  18 wolves
  A blink frog zombie (Crypt:2)
  A snapping turtle skeleton (Crypt:1)
  5 centaurs
  A torpor snail zombie (Crypt:2)
  11 boggarts
  2 phantoms
  A blink frog skeleton (Crypt:1)
  A kobold brigand (D:9)
  Blork the orc (Orc:2)
  3 bullfrogs
  A yaktaur zombie (Crypt:3)
  4 gnoll sergeants
  2 necrophages
  A salamander skeleton (Crypt:1)
  4 scorpions
  3 earth elementals
  5 wights (D:9)
  3 killer bees (D:8)
  A yak zombie (Crypt:1)
  A queen bee zombie (Crypt:3)
  4 howler monkeys
  2 electric eels
  A crimson imp (Orc:2)
  A quasit (Abyss:3)
  A human zombie (Crypt:3)
  24 orc priests
  6 jellies
  A hound (shapeshifter) (D:15)
  An iron imp (Orc:2)
  38 orc wizards
  56 mummies
  A howler monkey zombie (Crypt:2)
  16 gnolls
  5 adders
  2 shadow imps
  15 white imps
  An adder zombie (Crypt:1)
  2 dart slugs
  83 orcs
  4 ball pythons
  8 endoplasms
  3 giant cockroaches
  7 goblins
  9 hobgoblins
  7 jackals
  A quokka (D:3)
  4 bats
  5 frilled lizards
  6 gnoll skeletons (Ossuary)
  A jackal skeleton (Crypt:1)
  11 kobolds
  7 kobold skeletons (Ossuary)
  12 orc skeletons (Ossuary)
  2 rats
2377 creatures vanquished.

Vanquished Creatures (others)
  A vault warden (Vaults:5)
  An ettin (Vaults:5)
  2 dancing weapons (Elf:2)
  A deep elf knight (Elf:2)
  A merfolk (Shoals:4)
  A raiju (Abyss:3)
  A jumping spider (Spider:2)
  An ushabti (Tomb:2)
  An orc wizard (D:12)
  A white imp (Lair:3)
  An orc (Orc:1)
  A quokka (D:10)
  26 fungi
  101 plants
140 creatures vanquished.

Grand Total: 2517 creatures vanquished

Table legend:
 A = Non-vault XP
 B = Vault XP
 C = Vault XP percentage of total XP
 D = Non-vault monster count
 E = Vault monster count
 F = Vault count percentage of total count
                 A         B        C        D         E       F
            +---------+---------+-------+---------+---------+-------
      Total |  565993 |  822269 |  59.2 |    1266 |    1117 |  46.9
            +---------+---------+-------+---------+---------+-------
        D:1 |      26 |       1 |   3.7 |      15 |       1 |   6.2
        D:2 |      41 |       0 |   0.0 |      15 |       0 |   0.0
        D:3 |     149 |       0 |   0.0 |      19 |       0 |   0.0
        D:4 |      41 |       0 |   0.0 |      14 |       0 |   0.0
        D:5 |     421 |       0 |   0.0 |       8 |       0 |   0.0
        D:6 |     509 |       0 |   0.0 |      10 |       0 |   0.0
        D:7 |     971 |       0 |   0.0 |      13 |       0 |   0.0
        D:8 |     963 |     722 |  42.8 |      19 |       1 |   5.0
        D:9 |    1879 |       0 |   0.0 |      29 |       0 |   0.0
       D:10 |    2966 |       0 |   0.0 |      21 |       0 |   0.0
       D:11 |    4917 |     383 |   7.2 |      18 |       1 |   5.3
       D:12 |    4900 |    1300 |  21.0 |      26 |      18 |  40.9
       D:13 |    6949 |    4517 |  39.4 |      11 |       9 |  45.0
       D:14 |    7099 |       0 |   0.0 |      13 |       0 |   0.0
       D:15 |    5161 |    1055 |  17.0 |      10 |       1 |   9.1
     Lair:1 |    2601 |     752 |  22.4 |       6 |       1 |  14.3
     Lair:2 |    9239 |    1332 |  12.6 |      32 |       7 |  17.9
     Lair:3 |    2689 |    1463 |  35.2 |       8 |      13 |  61.9
     Lair:4 |    8040 |     438 |   5.2 |      24 |       6 |  20.0
     Lair:5 |    9382 |    8522 |  47.6 |      25 |      22 |  46.8
   Shoals:1 |   15554 |    5362 |  25.6 |      31 |       8 |  20.5
   Shoals:2 |   11537 |    4006 |  25.8 |      23 |      10 |  30.3
   Shoals:3 |   14657 |    1430 |   8.9 |      31 |       1 |   3.1
   Shoals:4 |    9618 |   33386 |  77.6 |      24 |      50 |  67.6
   Spider:1 |    9071 |       0 |   0.0 |      26 |       0 |   0.0
   Spider:2 |   19480 |    2291 |  10.5 |      44 |       1 |   2.2
   Spider:3 |    9002 |    2413 |  21.1 |      23 |       6 |  20.7
   Spider:4 |   21784 |   33761 |  60.8 |      45 |      58 |  56.3
      Orc:1 |    7710 |     132 |   1.7 |      66 |       6 |   8.3
      Orc:2 |    2865 |   10024 |  77.8 |      25 |      56 |  69.1
      Elf:1 |   25921 |    1730 |   6.3 |      46 |       2 |   4.2
      Elf:2 |   16624 |   20829 |  55.6 |      27 |      29 |  51.8
      Elf:3 |    6082 |   34785 |  85.1 |      12 |      31 |  72.1
   Vaults:1 |   37768 |   25607 |  40.4 |      57 |      37 |  39.4
   Vaults:2 |   15328 |   20044 |  56.7 |      23 |      40 |  63.5
   Vaults:3 |   29589 |   20403 |  40.8 |      47 |      28 |  37.3
   Vaults:4 |   17398 |   31722 |  64.6 |      24 |      43 |  64.2
   Vaults:5 |   17324 |  104434 |  85.8 |      23 |      96 |  80.7
    Crypt:1 |    8295 |       0 |   0.0 |      18 |       0 |   0.0
    Crypt:2 |   19512 |   21201 |  52.1 |      27 |      17 |  38.6
    Crypt:3 |   19699 |   36362 |  64.9 |      27 |      48 |  64.0
     Tomb:1 |    6853 |   90643 |  93.0 |      13 |      53 |  80.3
     Tomb:2 |    5876 |   49441 |  89.4 |      28 |      68 |  70.8
     Tomb:3 |   16665 |   87172 |  84.0 |      44 |      96 |  68.6
   Depths:1 |   20618 |   39316 |  65.6 |      26 |      44 |  62.9
   Depths:2 |   35926 |    4349 |  10.8 |      41 |      11 |  21.2
   Depths:3 |   24884 |   34518 |  58.1 |      29 |      42 |  59.2
   Depths:4 |   17163 |   40038 |  70.0 |      23 |      35 |  60.3
       Hell |   19450 |   26310 |  57.5 |      27 |      33 |  55.0
      Dis:1 |    3989 |       0 |   0.0 |       4 |       0 |   0.0
    Abyss:3 |   10808 |    5298 |  32.9 |      26 |      11 |  29.7
    Ossuary |       0 |     245 | 100.0 |       0 |      27 | 100.0
      IceCv |       0 |   14532 | 100.0 |       0 |      50 | 100.0
            +---------+---------+-------+---------+---------+-------

Illustrated notes

Table legend:
 A = Kills in this place as a percentage of kills in entire the game.
 B = Kills by you in this place as a percentage of kills by you in the entire game.
 C = Kills by friends in this place as a percentage of kills by friends in the entire game.
 D = Other kills in this place as a percentage of other kills in the entire game.
 E = Experience gained in this place as a percentage of experience gained in the entire game.
 F = Experience gained in this place divided by the number of levels of this place that you have seen.
                   A       B       C       D       E      F
               +-------+-------+-------+-------+-------+----------------------
         Total | 100.0 | 100.0 |   N/A | 100.0 | 100.0 | 25241.1
       Dungeon |  11.4 |  11.4 |   N/A |   0.0 |   3.2 | 2998.0
          Lair |   6.0 |   6.1 |   N/A |   0.0 |   3.2 | 8891.6
        Shoals |   7.5 |   7.4 |   N/A |  14.3 |   6.9 | 23887.5
   Spider Nest |   8.5 |   8.5 |   N/A |  14.3 |   7.0 | 24450.5
  Orcish Mines |   6.4 |   6.4 |   N/A |   0.0 |   1.5 | 10365.5
   Elven Halls |   6.2 |   6.1 |   N/A |  14.3 |   7.6 | 35323.7
        Vaults |  17.5 |  17.5 |   N/A |  28.6 |  23.0 | 63923.4
         Crypt |   5.7 |   5.8 |   N/A |   0.0 |   7.6 | 35023.0
          Tomb |  12.7 |  12.7 |   N/A |  14.3 |  18.5 | 85550.0
        Depths |  10.5 |  10.6 |   N/A |   0.0 |  15.6 | 54203.0
          Hell |   2.5 |   2.5 |   N/A |   0.0 |   3.3 | 45760.0
           Dis |   0.2 |   0.2 |   N/A |   0.0 |   0.3 | 3989.0
         Abyss |   1.6 |   1.5 |   N/A |  14.3 |   1.2 | 16106.0
       Ossuary |   1.1 |   1.1 |   N/A |   0.0 |   0.0 | 245.0
      Ice Cave |   2.1 |   2.1 |   N/A |   0.0 |   1.0 | 14532.0
               +-------+-------+-------+-------+-------+----------------------

Table legend: (Time is in decaauts)
 A = Elapsed time spent in this place.
 B = Non-inter-level travel time spent in this place.
 C = Inter-level travel time spent in this place.
 D = Time resting spent in this place.
 E = Time spent auto-exploring this place.
 F = Levels seen in this place.
 G = Mean time per level.
                   A        B        C        D        E       F      G
               +--------+--------+--------+--------+--------+-----+--------+
         Total |  85739 |  78409 |   7330 |   1241 |  64484 |  55 | 1558.9 |
       Dungeon |  18891 |  16599 |   2292 |    279 |  13817 |  15 | 1259.4 |
        Temple |    192 |    175 |     17 |      0 |    151 |   1 |  192.0 |
          Lair |   9536 |   8663 |    873 |     21 |   7640 |   5 | 1907.2 |
        Shoals |   5272 |   5021 |    251 |     18 |   4034 |   4 | 1318.0 |
   Spider Nest |   7846 |   7223 |    623 |    231 |   5963 |   4 | 1961.5 |
  Orcish Mines |   3051 |   2569 |    482 |      0 |   2156 |   2 | 1525.5 |
   Elven Halls |   6157 |   5770 |    387 |      7 |   4730 |   3 | 2052.3 |
        Vaults |  11943 |  10912 |   1031 |     63 |   9538 |   5 | 2388.6 |
         Crypt |   4437 |   4125 |    312 |      0 |   3522 |   3 | 1479.0 |
          Tomb |   7294 |   6573 |    721 |    452 |   4525 |   3 | 2431.3 |
        Depths |   7299 |   6984 |    315 |      0 |   6089 |   4 | 1824.8 |
          Hell |   1216 |   1194 |     22 |      6 |    925 |   1 | 1216.0 |
           Dis |     23 |     23 |      0 |      0 |      0 |   1 |   23.0 |
         Abyss |    224 |    224 |      0 |     26 |      0 |   1 |  224.0 |
        Bazaar |    150 |    150 |      0 |     30 |    105 |   1 |  150.0 |
       Ossuary |    467 |    467 |      0 |     54 |    237 |   1 |  467.0 |
      Ice Cave |   1735 |   1735 |      0 |     53 |   1049 |   1 | 1735.0 |
               +--------+--------+--------+--------+--------+-----+--------+

Top non-repeatable levels by time:
  Tomb:1: 4090 daAuts
Vaults:2: 2996 daAuts
Vaults:1: 2794 daAuts
Depths:4: 2495 daAuts
    D:12: 2461 daAuts
   Elf:1: 2391 daAuts
Spider:1: 2366 daAuts
Spider:4: 2304 daAuts
   Orc:2: 2263 daAuts
Vaults:5: 2244 daAuts
  Lair:1: 2222 daAuts
Vaults:4: 2104 daAuts
   Elf:3: 2017 daAuts
  Lair:2: 1988 daAuts
 Crypt:3: 1909 daAuts
